 Dungeon Crawl Stone Soup version 0.26.0-16-gc1dbca0489 (webtiles) character file.

Game seed: 87155904115501681

28531 112233 the Thaumaturge (level 13, -11/90 HPs)
             Began as an Octopode Venom Mage on Jan 17, 2021.
             Was an Initiate of Gozag.
             Mangled by a large slime creature (25 damage)
             ... on level 13 of the Dungeon.
             The game lasted 00:34:19 (25620 turns).

112233 the Thaumaturge (Octopode Venom Mage)       Turns: 25620, Time: 00:34:20

Health: -11/90     AC:  1    Str:  7    XL:     13   Next: 39%
Magic:  13/29      EV: 23    Int: 21    God:    Gozag
Gold:   1045       SH:  5    Dex: 14    Spells: 10/36 levels left

rFire    + . .     SeeInvis .   v - +7 lajatang of Order {silver, rMut}
rCold    . . .     Faith    .   (shield currently unavailable)
rNeg     + . .     Spirit   .   (helmet restricted)
rPois    .         Reflect  +   B - amulet of reflection
rElec    .         Harm     .   w - ring of positive energy
rCorr    .         Rampage  .   M - +4 ring of slaying
rMut     +                      f - +4 ring of evasion
Will     .....                  b - ring of protection from fire
Stlth    +++.......             (no ring)
HPRegen  0.25/turn              (no ring)
MPRegen  0.21/turn              (no ring)
                                (no ring)

@: very slightly contaminated
A: almost no armour, stealthy swim, amphibious, 8 rings, constrict 8, camouflage
1, gelatinous body 1
a: Renounce Religion, Potion Petition, Call Merchant, Bribe Branch


You were on level 13 of the Dungeon.
You worshipped Gozag.
Gozag was most pleased with you.
You visited 3 branches of the dungeon, and saw 16 of its levels.

You collected 6519 gold pieces.
You spent 2429 gold pieces at shops.
You paid 3045 gold pieces to Gozag.

Inventory:

Hand Weapons
 v - the +7 lajatang of Order (weapon) {silver, rMut}
   (You acquired it on level 2 of the Orcish Mines)

   It protects you from mutation.
Missiles
 C - 2 throwing nets
 K - 5 curare-tipped darts
Magical Staves
 a - an uncursed staff of conjuration {unknown}
 O - an uncursed staff of poison
 P - an uncursed staff of fire
Jewellery
 b - a ring of protection from fire (on tentacle)
 f - a +4 ring of evasion (on tentacle)
 t - an uncursed amulet of the acrobat
 w - a ring of positive energy (left tentacle)
 B - an amulet of reflection (around mantle)
 M - a +4 ring of slaying (right tentacle)
Wands
 q - a wand of random effects (13)
 r - a wand of disintegration (6)
 E - a wand of flame (18)
 H - a wand of paralysis (18)
Scrolls
 d - a scroll of fog
 g - 3 scrolls of enchant weapon
 i - 7 scrolls of identify
 j - 7 scrolls of magic mapping
 k - a scroll of noise
 m - 2 scrolls of remove curse
 n - 7 scrolls of teleportation
 p - 2 scrolls of immolation
 z - a scroll of enchant armour
 D - a scroll of torment
 I - 2 scrolls of fear
 Q - a scroll of random uselessness
Potions
 c - a potion of mutation {unknown}
 e - 2 potions of flight
 h - a potion of resistance
 l - 3 potions of lignification
 o - 3 potions of curing
 u - a potion of magic
 x - 2 potions of degeneration
 F - 2 potions of heal wounds
 G - 2 potions of brilliance
 J - a potion of ambrosia
Miscellaneous
 L - a tin of tremorstones (1/2)
 N - a condenser vane


   Skills:
 + Level 9.4 Fighting
 * Level 2.8 Staves
 + Level 9.6 Dodging
 - Level 3.0 Stealth
 - Level 6.1 Shields
 + Level 12.0 Spellcasting
 - Level 1.0 Transmutations
 - Level 5.4 Air Magic
 - Level 9.0 Poison Magic
 + Level 6.5 Evocations


You had 10 spell levels left.
You knew the following spells:

 Your Spells              Type           Power        Failure   Level
a - Sting                 Tmut/Pois      100%         1%          1
b - Poisonous Vapours     Pois/Air       86%          1%          2
c - Ignite Poison         Fire/Tmut/Pois 26%          4%          3
d - Olgreb's Toxic Radia  Pois           50%          1%          4
e - Blink                 Tloc           N/A          8%          2
f - Mephitic Cloud        Conj/Pois/Air  32%          2%          3
g - Spider Form           Tmut/Pois      16%          1%          3
h - Eringya's Noxious Bo  Tmut/Pois      16%          71%         6
i - Wereblood             Tmut           16%          5%          2

Your spell library contained the following spells:

 Spells                   Type           Power        Failure   Level
 Corpse Rot               Necr/Air       N/A          2%          2
 Beastly Appendage        Tmut           32%          3%          1
 Foxfire                  Conj/Fire      48%          5%          1
 Freeze                   Ice            48%          5%          1
 Magic Dart               Conj           48%          5%          1
 Sandblast                Erth           24%          5%          1
 Call Imp                 Summ           12%          8%          2
 Slow                     Hex            12%          8%          2
 Conjure Flame            Conj/Fire      12%          16%         3
 Frozen Ramparts          Ice            24%          16%         3
 Inner Flame              Hex/Fire       12%          16%         3
 Ozocubu's Armour         Ice            12%          16%         3
 Stone Arrow              Conj/Erth      24%          16%         3
 Ice Form                 Ice/Tmut       14%          38%         4
 Hailstorm                Conj/Ice       12%          45%         4
 Sticky Flame             Conj/Fire      12%          45%         4
 Summon Ice Beast         Ice/Summ       12%          45%         4
 Blade Hands              Tmut           8%           67%         5
 Fireball                 Conj/Fire      6%           82%         5
 Lee's Rapid Deconstruct  Erth           6%           82%         5
 Summon Forest            Summ/Tloc      6%           82%         5
 Hydra Form               Tmut           8%           99%         6
 Summon Hydra             Summ           6%           100%        7
 Shatter                  Erth           6%           100%        9


Dungeon Overview and Level Annotations

Branches:
Dungeon (12/15)            Temple (1/1) D:5            Lair (0/6) D:9
    Orc (2/2) D:9             Elf (0/3) Orc:2

Altars:
Ashenzari
Cheibriados
Elyvilon
Fedhas
Gozag
Hepliaklqana
Kikubaaqudgha
Makhleb
Nemelex Xobeh
Okawaru
Qazlal
Ru
Sif Muna
Trog
Uskayaw
Vehumet
Wu Jian
Xom
Yredelemnul
Zin
The Shining One
Beogh

Shops:
D:9 =?   Orc:2 ?((*

Annotations:
D:7 Menkaure
D:12 exclusion: upstairs


Innate Abilities, Weirdness & Mutations

You cannot wear most types of armour.
You are very stealthy in the water. (Stealth+)
You are amphibious.
You can wear up to eight rings at the same time.
You can use your tentacles to constrict eight enemies at once.
Your skin changes colour to match your surroundings (Stealth+).
Your rubbery body absorbs attacks. (AC +1, EV +1)


Message History

The large slime creature is poisoned.
The large slime creature is severely wounded.
The large slime creature closely misses you.
Casting: Sting (safe; 1% risk of failure)
Confirm with . or Enter, or press ? or * to list all spells.
You miscast Ignite Poison.
You are very lightly contaminated with residual magic.
Nothing appears to happen.
You block the large slime creature's attack.
Unknown command.
Casting: Ignite Poison (mildly dangerous; 4% risk of failure)
Confirm with . or Enter, or press ? or * to list all spells.
You ignite the poison in your surroundings!
The large slime creature seems to burn from within!
The large slime creature is almost dead.
The large slime creature hits you!
* * * LOW HITPOINT WARNING * * *
The large slime creature hits you!!
You die...
Your body crumbles into a pile of gold.

#.......# #....
#.#....?# #....
##.......##########h...
....................###
.###......#########..#
.............$.......#
........##########+###
.######J# .......@#
+###.........#
#......##.+ ####.....
#...... +.#+#.... ##.
.#.. # #..


You could see a large slime creature.

Vanquished Creatures
  3 orc warlords (Orc:2)
  Snorg (D:11)
  Nergalle (D:10)
  Pikel (D:5)
  12 orc knights
  6 orc sorcerers
  A moth of wrath (D:6)
  Maurice (Orc:1)
  5 trolls
  Grinder (D:6)
  A wyvern (D:9)
  Eustachio (D:6)
  A wraith (D:10)
  11 yaks
  12 wargs
  A water moccasin (D:6)
  A sky beast (D:9)
  A black bear (D:13)
  57 orc warriors
  14 ogres
  6 wolves (D:9)
  3 centaurs
  A lemure (D:5)
  5 bullfrogs
  2 big kobolds (D:9)
  5 gnoll sergeants (D:9)
  6 scorpions
  3 killer bees (D:11)
  3 electric eels
  A jelly (D:6)
  13 orc priests
  9 hounds
  9 orc wizards
  A bullfrog zombie (D:7)
  2 bullfrog skeletons (D:8)
  Crazy Yiuf (D:4)
  A centaur skeleton (D:6)
  8 worker ants
  3 iguanas
  2 hound skeletons
  13 gnolls
  6 adders
  2 shadow imps
  A white imp (D:6)
  2 ufetubi (D:8)
  An ooze (D:2)
  An adder zombie (D:7)
  5 worms
  3 dart slugs
  5 leopard geckos
  94 orcs
  6 giant cockroaches
  7 goblins
  7 hobgoblins
  6 jackals
  12 kobolds
  4 quokkas
  A ball python (D:3)
  A ball python skeleton (D:4)
  10 bats
  2 frilled lizards
  13 rats
418 creatures vanquished.

Vanquished Creatures (others)
  39 plants (D:7)
39 creatures vanquished.

Grand Total: 457 creatures vanquished

Notes
Turn   | Place    | Note
-------+----------+-------------------------------------------
     0 | D:1      | 112233 the Octopode Venom Mage began the quest for the Orb.
     0 | D:1      | Reached XP level 1. HP: 11/11 MP: 3/3
   628 | D:1      | Reached XP level 2. HP: 17/17 MP: 3/5
   686 | D:1      | Learned a level 2 spell: Poisonous Vapours
  1820 | D:2      | Reached XP level 3. HP: 22/22 MP: 1/6
  1872 | D:2      | Learned a level 3 spell: Ignite Poison
  2541 | D:3      | Noticed a scorpion
  2544 | D:3      | Killed a scorpion
  2545 | D:3      | Reached skill level 1 in Fighting
  2545 | D:3      | Reached XP level 4. HP: 28/28 MP: 0/8
  3329 | D:3      | Reached skill level 3 in Spellcasting
  3681 | D:3      | Found a burning altar of Makhleb.
  3936 | D:3      | Found a snail-covered altar of Cheibriados.
  4001 | D:3      | Reached XP level 5. HP: 33/33 MP: 6/9
  4124 | D:4      | Found a runed translucent door.
  4125 | D:4      | Noticed Crazy Yiuf
  4143 | D:4      | You fall into a shaft and drop 3 floors!
  4156 | D:7      | Reached skill level 5 in Poison Magic
  5024 | D:8      | Reached XP level 6. HP: 31/39 MP: 4/11
  5222 | D:8      | Reached skill level 4 in Spellcasting
  5707 | D:8      | Reached XP level 7. HP: 28/45 MP: 2/13
  6600 | D:7      | Noticed Menkaure
  6715 | D:8      | Learned a level 4 spell: Olgreb's Toxic Radiance
  7375 | D:6      | Reached XP level 8. HP: 48/52 MP: 15/15
  7465 | D:5      | Entered Level 5 of the Dungeon
  7473 | D:5      | Reached skill level 5 in Spellcasting
  7638 | D:5      | Noticed Pikel
  7726 | D:5      | Killed Pikel
  7727 | D:5      | Reached skill level 1 in Shields
  8280 | D:5      | Learned a level 2 spell: Blink
  8286 | D:5      | Learned a level 3 spell: Mephitic Cloud
  8371 | D:5      | Found a staircase to the Ecumenical Temple.
  8418 | Temple   | Entered the Ecumenical Temple
  8488 | Temple   | Became a worshipper of Gozag Ym Sagoz the Greedy
  9061 | D:4      | Found a sparkling altar of Nemelex Xobeh.
  9061 | D:4      | Found a basalt altar of Yredelemnul.
  9186 | D:4      | Reached skill level 6 in Spellcasting
  9186 | D:4      | Reached XP level 9. HP: 58/58 MP: 8/18
  9622 | D:4      | Killed Crazy Yiuf
 10370 | D:2      | Found an ornate altar of the Wu Jian Council.
 10459 | D:2      | Found a hazy altar of Hepliaklqana.
 11452 | D:6      | Found a shimmering blue altar of Sif Muna.
 11492 | D:6      | Reached skill level 5 in Dodging
 11492 | D:6      | Reached skill level 1 in Air Magic
 11547 | D:6      | Noticed Eustachio
 11551 | D:6      | Killed Eustachio
 11694 | D:6      | Noticed a moth of wrath
 11697 | D:6      | Noticed Grinder
 11705 | D:6      | Killed Grinder
 11958 | D:6      | Killed a moth of wrath
 11970 | D:6      | Found a bloodstained altar of Trog.
 12771 | D:9      | Reached skill level 5 in Fighting
 12771 | D:9      | Reached skill level 7 in Spellcasting
 12836 | D:9      | Reached XP level 10. HP: 66/66 MP: 9/20
 13494 | D:9      | Found a staircase to the Lair.
 13756 | D:9      | Found a staircase to the Orcish Mines.
 13761 | D:9      | Reached skill level 8 in Spellcasting
 14774 | Orc:1    | Entered Level 1 of the Orcish Mines
 14774 | Orc:1    | Noticed an orc knight
 14774 | Orc:1    | Noticed an orc sorcerer
 14776 | Orc:1    | Noticed an orc knight
 14776 | Orc:1    | Killed an orc sorcerer
 14777 | Orc:1    | Noticed an orc sorcerer
 14781 | D:9      | Killed an orc knight
 14782 | D:9      | Reached skill level 5 in Shields
 14783 | D:9      | Noticed a rust devil
 14786 | D:9      | Killed an orc sorcerer
 14787 | D:9      | Reached XP level 11. HP: 74/74 MP: 10/23
 14964 | D:8      | Killed an orc knight
 14965 | D:8      | Reached skill level 9 in Spellcasting
 16099 | Orc:1    | Noticed an orc knight
 16111 | Orc:1    | Reached skill level 5 in Air Magic
 16142 | Orc:1    | Killed an orc knight
 16491 | Orc:1    | Noticed an orc knight
 16501 | Orc:1    | Killed an orc knight
 17215 | Orc:1    | Noticed an orc sorcerer
 17218 | Orc:1    | Killed an orc sorcerer
 17264 | Orc:1    | Noticed Maurice
 17271 | Orc:1    | Killed Maurice
 17772 | Orc:2    | Entered Level 2 of the Orcish Mines
 17772 | Orc:2    | Found a staircase to the Elven Halls.
 18283 | Orc:2    | Noticed an orc knight
 18289 | Orc:2    | Killed an orc knight
 18290 | Orc:2    | Reached skill level 1 in Evocations
 18291 | Orc:2    | Noticed an orc knight
 18388 | Orc:1    | Killed an orc knight
 18642 | Orc:2    | Reached skill level 10 in Spellcasting
 19743 | Orc:2    | Reached XP level 12. HP: 81/81 MP: 7/26
 20894 | Orc:2    | Found a roughly hewn altar of Beogh.
 20908 | Orc:2    | Found Ypraze Baero's General Store.
 20908 | Orc:2    | Found Sushill's Weapon Emporium.
 21338 | Orc:2    | Noticed an orc warlord
 21360 | Orc:2    | Noticed an orc warlord
 21368 | Orc:2    | Killed an orc warlord
 21369 | Orc:2    | Reached skill level 11 in Spellcasting
 21376 | Orc:2    | Killed an orc warlord
 21377 | Orc:2    | Reached skill level 5 in Evocations
 22273 | Orc:2    | Reached XP level 13. HP: 90/90 MP: 16/28
 22374 | Orc:2    | Noticed an orc warlord
 22403 | Orc:2    | Killed an orc warlord
 22931 | Orc:2    | Identified the Collected Works on Toxins and Earth
 23009 | Orc:2    | Found Naveinim's Antique Weapon Shop.
 23009 | Orc:2    | Found Nauniup's Magic Scroll Emporium.
 23187 | Orc:2    | Bought a scroll of acquirement for 728 gold pieces
 23187 | Orc:2    | Bought a scroll of acquirement for 728 gold pieces
 23187 | Orc:2    | Bought a scroll of acquirement for 728 gold pieces
 23187 | Orc:2    | Bought a scroll of teleportation for 42 gold pieces
 23187 | Orc:2    | Bought a scroll of teleportation for 42 gold pieces
 23187 | Orc:2    | Acquired a Fen Folio
 23188 | Orc:2    | Acquired 1310 gold pieces
 23189 | Orc:2    | Acquired a book of Changes
 23191 | Orc:2    | Acquired 971 gold pieces
 23193 | Orc:2    | Acquired the +7 lajatang of Order {silver, rMut}
 23194 | Orc:2    | Found the +7 lajatang of Order {silver, rMut}
 23195 | Orc:2    | Bought a scroll of random uselessness for 14 gold pieces
 23195 | Orc:2    | Bought a scroll of magic mapping for 49 gold pieces
 23289 | D:9      | Bought a scroll of fear for 49 gold pieces
 23289 | D:9      | Bought a scroll of immolation for 49 gold pieces
 23317 | D:9      | Learned a level 3 spell: Spider Form
 23324 | D:9      | Learned a level 6 spell: Eringya's Noxious Bog
 23327 | D:9      | Learned a level 2 spell: Wereblood
 23364 | D:10     | Entered Level 10 of the Dungeon
 23631 | D:10     | Noticed Nergalle
 23636 | D:10     | Killed Nergalle
 23637 | D:10     | Reached skill level 1 in Staves
 24281 | D:11     | Reached skill level 12 in Spellcasting
 24414 | D:11     | Noticed Snorg
 24423 | D:11     | Killed Snorg
 25575 | D:12     | You fall into a shaft and drop 1 floor!
 25620 | D:13     | Mangled by a large slime creature

Illustrated notes

Levels and vault maps discovered:
D:1:      dpeg_arrival_round_c, layout_basic
D:2:      minmay_skewed_foursquare, layout_basic, nzn_wu_jian_contemplation,
          nzn_hepliaklqana_mist_gate
D:3:      minmay_evil_eye, layout_basic, kennysheep_slug_shrine,
          lightli_temple_of_fire
D:4:      layout_gridville, gammafunk_temple_overflow_elements,
          uniq_crazy_yiuf_cottage
D:5:      layout_rooms, minmay_temple_entry_junction, minmay_misc_feat_columns,
          uniq_pikel
D:6:      layout_basic, nicolae_overflow_hidden_temple, tgw_trog, uniq_grinder,
          uniq_eustachio
D:7:      layout_basic, nrook_mini_backslash, serial_bayou_lagoon_a,
          uniq_menkaure
D:8:      layout_gridville
D:9:      layout_stronghold, erik_lair_island,
          kennysheep_orc_monster_closet_entryway
D:10:     layout_roguey, uniq_nergalle
D:11:     layout_basic, uniq_snorg
D:12:     layout_stronghold, drop_trap, uniq_urug
D:13:     layout_stronghold, guppyfry_shop_blood
Temple:   jpeg_temple_clearing
Orc:1:    layout_diamond_mine, nicolae_orc_stony_grotto, uniq_maurice
Orc:2:    st_orc_town, layout_caves, minmay_orc_treasury

Skill      XL: |  1  2  3  4  5  6  7  8  9 10 11 12 13 |
---------------+----------------------------------------+-----
Stealth        | 3 |  3.0
Poison Magic   | 4 5 6 7 8 9 |  9.0
Fighting       | 1 2 3 5 6 7 8 9 |  9.4
Spellcasting   | 3 4 6 7 8 10 11 12 | 12.0
Dodging        | 3 4 5 6 7 9 |  9.6
Shields        | 2 3 5 6 |  6.1
Air Magic      | 2 4 5 |  5.4
Evocations     | 2 5 6 |  6.5
Staves         | 2 |  2.8
Transmutations | |  1.0

Action                   |  1- 3 |  4- 6 |  7- 9 | 10-12 | 13-15 || total
-------------------------+-------+-------+-------+-------+-------++-------
Melee: Unarmed           |     4 |       |       |       |       ||     4
       Club              |     2 |       |       |       |       ||     2
       Constrict         |     1 |     5 |    12 |     3 |     3 ||    24
       Tentacles         |     1 |     5 |    10 |     7 |     5 ||    28
       Whip              |       |     6 |       |       |       ||     6
       Short sword       |       |    15 |    48 |    47 |     3 ||   113
       Lajatang          |       |       |       |       |    15 ||    15
 Cast: Sting             |    20 |    21 |    26 |    97 |     8 ||   172
       Poisonous Vapours |    24 |    46 |   154 |   165 |    43 ||   432
       Ignite Poison     |       |     2 |    16 |    79 |    25 ||   122
       Olgreb's Toxic Ra |       |       |     5 |    35 |    19 ||    59
       Mephitic Cloud    |       |       |     2 |    11 |     6 ||    19
       Blink             |       |       |       |    12 |       ||    12
Invok: Potion Petition   |       |       |       |     4 |       ||     4
       Call Merchant     |       |       |       |       |     2 ||     2
Evoke: Wand              |       |       |       |    11 |     5 ||    16
       Tin of tremorston |       |       |       |     3 |       ||     3
  Use: Scroll            |       |       |     1 |     6 |    15 ||    22
       Potion            |       |       |       |     5 |       ||     5
 Stab: Sleeping          |       |       |     4 |       |     1 ||     5
Armor: Skin              |       |     6 |     2 |    21 |       ||    29
Dodge: Dodged            |     9 |    56 |    80 |   134 |    22 ||   301
Block: Other             |       |       |       |    10 |    12 ||    22
       Buckler           |       |       |       |    92 |     3 ||    95
       Reflection        |       |       |       |     9 |     1 ||    10
